Map: Port Aleksander LE

Players

Ska

  • Race: Protoss Protoss
  • League: Diamond
  • Spawn Location: 11:00

CalebAracous - Winner!

  • Race: Zerg Zerg
  • League: Grandmaster
  • Spawn Location: 5:00

Event: Cheeseadelphia 8

VOD

Have the link to the VOD?

Description

Time

  • Played on: Dec. 8, 2018, 1:52 p.m.
  • Length: 13:22

All games in this series

Show
View Real Time Build Order
Export as new Build Order

Ska Protoss 

Build Orders: 1 Gate Expand, Phoenix Opening 

Get SALT Encoding   

  12  0:00  Probe  
  13  0:12  Probe  
  14  0:20  Pylon  
  14  0:25  Probe  
  15  0:36  Probe  
  15  0:41  Gateway  
  16  0:44  Probe  
  17  0:50  Assimilator  
  17  0:52  Probe  
  18  1:04  Probe  
  19  1:17  Probe  
  20  1:27  Nexus  
  20  1:38  Probe  
  20  1:40  Cybernetics Core  
  20  1:46  Probe  
  21  1:47  Pylon  
  22  1:55  Assimilator, Probe  
  23  2:03  Probe  
  24  2:11  Probe  
  24  2:19  Stalker  
  27  2:23  Probe  
  28  2:34  Stargate  
  28  2:35  Warp Gate  
  28  2:37  Probe  
  28  2:39  Probe  
  30  2:48  Probe  
  30  2:49  Adept, Probe  
  33  2:56  Probe  
  34  3:01  Probe  
  36  3:06  Probe, Pylon  
  36  3:09  Phoenix  
  37  3:13  Probe  
  37  3:18  Probe  
  41  3:25  Probe  
  42  3:28  Phoenix  
  42  3:30  Probe  
  42  3:34  Forge  
  45  3:39  Assimilator, Probe  
  46  3:42  Probe  
  46  3:43  Pylon  
  46  3:46  Phoenix  
  47  3:51  Probe  
  52  3:56  Probe  
  53  4:04  Pylon, Sentry  
  53  4:05  Pylon  
  53  4:12  Probe  
  54  4:17  Phoenix  
  54  4:20  Gateway  
  54  4:23  Gateway, Probe  
  54  4:24  Assimilator  
  57  4:29  Protoss Ground Weapons Level 1, Probe  
  58  4:35  Probe  
  59  4:39  Phoenix  
  59  4:42  Probe  
  62  4:50  Probe  
  63  4:56  Sentry  
  63  4:57  Probe  
  66  5:02  Probe  
  66  5:06  Pylon  
  67  5:09  Robotics Facility  
  67  5:10  Probe  
  68  5:14  Probe  
  69  5:22  Probe  
  69  5:24  Pylon  
  69  5:25  Pylon  
  69  5:26  Adept x3, Probe  
  77  5:34  Probe  
  78  5:38  Gateway  
  78  5:39  Pylon  
  78  5:42  Probe  
  79  5:46  Probe  
  79  5:47  Stalker x3  
  86  5:54  Probe  
  87  5:59  Observer  
  87  6:04  Nexus  
  87  6:06  Robotics Bay  
  87  6:09  Probe, Robotics Facility  
  89  6:13  Probe  
  89  6:16  Gateway  
  89  6:17  Probe  
  90  6:21  Probe  
  90  6:22  Pylon  
  92  6:33  Adept, Stalker x2  
  92  6:36  Warp Prism  
  100  6:50  Probe  
  100  6:51  Probe  
  100  7:03  Probe x2  
  100  7:05  Colossus  
  100  7:07  Colossus  
  102  7:08  Pylon  
  102  7:10  Protoss Ground Armor Level 1  
  102  7:11  Pylon  
  102  7:12  Photon Cannon  
  102  7:15  Probe x2  
  116  7:26  Probe  
  116  7:27  Probe x2  
  116  7:29  Assimilator  
  119  7:31  Assimilator  
  119  7:34  Gateway  
  119  7:39  Probe  
  119  7:40  Twilight Council, Extended Thermal Lance  
  119  7:42  Sentry  
  119  7:43  Zealot, Sentry  
  126  7:48  Colossus  
  126  7:54  Adept  
  134  8:05  Immortal  
  138  8:26  Probe  
  139  8:34  Photon Cannon  
  139  8:35  Gateway  
  139  8:39  Gateway, Blink  
  139  8:44  Pylon  
  139  8:46  Pylon  
  139  8:48  Pylon  
  139  8:49  Gateway, Pylon  
  139  8:52  Gateway  
  139  8:54  Stalker  
  141  8:56  Pylon  
  141  8:57  Dark Shrine  
  141  9:17  Nexus  
  141  9:20  Pylon  
  139  9:34  Zealot x4  
  147  9:48  Stalker x2, Observer  
  135  9:53  Observer  
  135  9:56  Stalker x3  
  135  9:57  Stalker x3  
  145  10:09  Observer  
  115  10:36  Immortal  
  115  10:42  Stalker x4  
  123  10:43  Zealot  
  123  10:44  Zealot x2  
  129  10:52  Probe x2  
  129  10:55  Colossus  
  137  11:03  Nexus  
  137  11:04  Probe x2  
  139  11:05  Dark Shrine  
  139  11:20  Zealot  
  139  11:23  Pylon  
  141  11:26  Pylon  
  141  11:27  Pylon  
  141  11:28  Pylon  
  141  11:36  Pylon  
  141  11:41  Void Ray  
  141  11:43  Colossus  
  151  11:48  Zealot x3  
  151  11:49  Nexus, Zealot x3  
  151  11:50  Zealot  
  148  11:57  Probe x2  
  122  12:28  Zealot  
Show
View Real Time Build Order
Export as new Build Order

CalebAracous Zerg - Winner!

Build Orders: Hatch First, Lurkers 

Get SALT Encoding   

  12  0:01  Drone  
  13  0:12  Overlord  
  13  0:20  Drone  
  14  0:31  Drone x2  
  16  0:49  Hatchery  
  15  0:52  Drone  
  15  0:55  Drone  
  17  0:59  Drone  
  18  1:09  Extractor  
  17  1:14  Spawning Pool  
  17  1:18  Drone  
  17  1:22  Drone  
  18  1:28  Drone  
  19  1:46  Drone  
  20  1:55  Drone  
  21  2:01  Queen x2  
  21  2:02  Overlord  
  21  2:03  Zergling x2  
  26  2:11  Metabolic Boost  
  26  2:14  Drone x2  
  29  2:22  Drone  
  29  2:23  Drone  
  30  2:37  Hatchery  
  30  2:43  Queen  
  31  2:50  Zergling x4  
  33  2:53  Overlord  
  33  3:00  Drone x2  
  33  3:01  Drone  
  36  3:06  Pneumatized Carapace  
  37  3:12  Drone  
  37  3:13  Drone x2  
  37  3:17  Drone x2  
  41  3:21  Drone  
  41  3:26  Queen  
  44  3:34  Overlord  
  44  3:35  Overlord  
  44  3:49  Drone  
  44  3:50  Drone x5  
  44  3:51  Queen  
  50  4:09  Drone x8  
  57  4:13  Spore Crawler  
  57  4:14  Spore Crawler x2  
  57  4:16  Evolution Chamber  
  53  4:23  Drone  
  54  4:26  Zergling x6  
  57  4:34  Lair  
  57  4:39  Extractor  
  57  4:40  Extractor, Zergling x2  
  57  4:43  Overlord x2  
  56  4:49  Queen  
  56  4:54  Queen, Extractor  
  56  4:55  Extractor  
  57  5:05  Drone x9  
  66  5:19  Overlord x3  
  66  5:22  Overlord  
  66  5:23  Overlord  
  66  5:33  Hydralisk Den  
  65  5:36  Queen x2  
  69  5:43  Zerg Missile Weapons Level 1  
  69  5:44  Drone x4  
  69  5:45  Drone x4  
  69  5:49  Extractor  
  76  5:52  Queen  
  78  6:02  Drone  
  78  6:03  Drone  
  77  6:04  Grooved Spines  
  77  6:07  Hydralisk, Drone  
  77  6:08  Hydralisk  
  82  6:11  Drone x2  
  82  6:12  Drone, Queen  
  82  6:13  Zergling x6  
  82  6:16  Extractor  
  82  6:17  Hatchery  
  88  6:24  Drone x2, Zergling x12  
  96  6:28  Queen  
  96  6:31  Overlord  
  96  6:32  Overlord  
  98  6:37  Overlord x2  
  96  7:02  Hydralisk x10  
  96  7:06  Drone  
  96  7:08  Drone, Lurker Den  
  114  7:11  Infestation Pit  
  114  7:13  Hydralisk x2  
  118  7:18  Muscular Augments  
  118  7:21  Overlord  
  118  7:22  Overlord  
  118  7:28  Overseer  
  118  7:29  Queen  
  120  7:41  Drone x10  
  120  7:42  Zerg Missile Weapons Level 2  
  130  7:53  Hive  
  130  7:57  Drone  
  130  7:58  Drone x3  
  130  7:59  Overlord x2, Extractor  
  132  8:09  Overlord  
  132  8:20  Queen  
  132  8:24  Overlord  
  132  8:25  Hydralisk x2  
  132  8:26  Hydralisk  
  138  8:34  Lurker x2  
  138  8:35  Lurker x3, Hatchery  
  138  8:36  Lurker x3  
  145  8:44  Hydralisk x4  
  145  8:45  Overlord  
  145  8:46  Zergling x14  
  160  8:51  Lurker  
  161  8:56  Overlord x3  
  161  8:57  Hydralisk  
  161  8:58  Hydralisk  
  164  9:03  Overlord x2  
  160  9:32  Hydralisk x14  
  174  9:49  Hydralisk x6  
  185  9:58  Hydralisk  
  185  9:59  Hydralisk x3  
  193  10:10  Hydralisk  
  193  10:11  Hydralisk x3  
  179  10:57  Adaptive Talons  
  171  11:02  Lurker x4  
  171  11:03  Lurker  
  164  11:06  Overseer  
  164  11:08  Hydralisk  
  164  11:09  Hydralisk x4  
  164  11:10  Zergling x38  
  189  11:23  Queen  
  189  11:24  Extractor  
  190  11:39  Hydralisk x5  
  190  12:20  Hydralisk x8  
  168  12:37  Hydralisk x15  
  191  12:48  Hydralisk  
  191  12:49  Hydralisk x3  
Tags
 
Add a new tag
Caveats
  • Supply blocks, unpowered buildings, or Contaminate may cause inaccurate times.
  • Supply counts are checked every 10 seconds.